 Dungeon Crawl Stone Soup version 0.27-a0-978-g2aa4ecdaef (webtiles) character file.

Game seed: 2002761929625182364

185 tardwrangler69 the Chiller (level 5, -9/38 HPs)
             Began as a Draconian Ice Elementalist on Apr 14, 2021.
             Mangled by an ogre
             ... wielding a +0 giant spiked club
              (25 damage)
             ... on level 4 of the Dungeon.
             The game lasted 00:04:12 (3990 turns).

tardwrangler69 the Chiller (DrIE)                   Turns: 3990, Time: 00:04:12

Health: -9/38      AC: 13    Str: 10    XL:     5   Next: 37%
Magic:  5/10       EV: 12    Int: 17    God:
Gold:   89         SH:  0    Dex: 11    Spells: 3/10 levels left

rFire    . . .     SeeInvis .   l - +0 spear
rCold    . . .     Faith    .   (no shield)
rNeg     . . .     Spirit   .   (armour unavailable)
rPois    .         Reflect  .   (helmet restricted)
rElec    .         Harm     .   b - +0 cloak
rCorr    .         Rampage  .   d - +0 pair of gloves
Will     .....                  (no boots)
Stlth    ++........             (no amulet)
HPRegen  0.12/turn              (no ring)
MPRegen  0.12/turn              (no ring)

@: ice-armoured, freezing walls
A: AC +5, unfitting armour, cold-blooded
a: no special abilities


You were on level 4 of the Dungeon.
You visited 1 branch of the dungeon, and saw 4 of its levels.

You collected 89 gold pieces.

Inventory:

Hand Weapons
 e - a +0 whip
 l - a +0 spear (weapon)
Missiles
 f - 71 stones
Armour
 b - a +0 cloak (worn)
 d - a +0 pair of gloves (worn)
Scrolls
 a - a scroll of acquirement {unknown}
 c - 4 scrolls of identify {unknown}
 i - 2 scrolls of teleportation {unknown}
 j - 2 scrolls of blinking {unknown}
Potions
 g - a potion of mutation {unknown}
 h - a potion of resistance {unknown}
 k - a potion of ambrosia {unknown}


   Skills:
 - Level 1.7 Dodging
 - Level 1.7 Stealth
 + Level 3.3 Spellcasting
 * Level 5.9 Ice Magic


You had 3 spell levels left.
You knew the following spells:

 Your Spells              Type           Power      Damage    Failure   Level
a - Freeze                Ice            92%        1d10      1%          1
b - Frozen Ramparts       Ice            46%        1d6       4%          3
c - Ozocubu's Armour      Ice            23%        N/A       4%          3

Your spell library contained the following spells:

 Spells                   Type           Power      Damage    Failure   Level
 Ensorcelled Hibernation  Hex/Ice        26%        N/A       8%          2
 Magic Dart               Conj           8%         1d3       17%         1
 Blink                    Tloc           N/A        N/A       26%         2
 Call Imp                 Summ           2%         N/A       26%         2
 Searing Ray              Conj           4%         3d3       26%         2
 Slow                     Hex            2%         N/A       26%         2
 Conjure Flame            Conj/Fire      2%         6-21      45%         3
 Dazzling Flash           Conj/Hex       4%         N/A       45%         3
 Mephitic Cloud           Conj/Pois/Air  2%         N/A       45%         3
 Hailstorm                Conj/Ice       13%        3d5       43%         4
 Metabolic Englaciation   Hex/Ice        6%         N/A       80%         5
 Fulminant Prism          Conj/Hex       1%         3d6       86%         4
 Iskenderun's Mystic Bla  Conj/Tloc      2%         2d3       86%         4
 Borgnjor's Vile Clutch   Necr/Erth      1%         N/A       99%         5
 Silence                  Hex/Air        1%         N/A       99%         5
 Shadow Creatures         Summ           N/A        N/A       100%        6
 Animate Armour           Summ/Erth      Unusable   N/A       N/A         4

Dungeon Overview and Level Annotations

Branches:
Dungeon (4/15)
 Temple: D:4-7

Altars:

Shops:
D:3 =


Innate Abilities, Weirdness & Mutations

Your plain brown scales are hard. (AC +5)
You cannot fit into any form of body armour.
You are cold-blooded and may be slowed by cold attacks.


Message History

An ogre comes into view. It is wielding a +0 giant spiked club.
An ogre is nearby!
An ogre is nearby!
An ogre is nearby!
Casting: Freeze (safe; 1% risk of failure)
Confirm with . or Enter, or press ? or * to list all spells.
You can't see any susceptible monsters within range! (Use Z to cast anyway.)
An ogre is nearby!
Casting: Freeze (safe; 1% risk of failure)
Confirm with . or Enter, or press ? or * to list all spells.
Casting: Frozen Ramparts (dangerous; 4% risk of failure)
Press: ? - help, Dir - look around, f - activate The walls around you are covered in ice.
Casting: Frozen Ramparts (dangerous; 4% risk of failure)
Confirm with . or Enter, or press ? or * to list all spells.
A film of ice covers your body!
Your icy armour and frozen ramparts will break if you move.
Continue? [Y]es or [N]o only, please.
Your icy armour and frozen ramparts will break if you move.
Continue?
Okay, then.
You reach to attack!
You hit the ogre but do no damage. You hit the ogre. You tail-slap the ogre.
The ogre is lightly wounded.
The ogre barely misses you.
You barely miss the ogre.
The ogre is lightly wounded.
The ogre hits you with a +0 giant spiked club!!
Ouch! That really hurt!
You are too injured to fight recklessly!
You are too injured to fight recklessly!
Your icy armour and frozen ramparts will break if you move.
Continue?
Okay, then.
You completely miss the ogre.
The ogre is lightly wounded.
The ogre misses you.
You hit the ogre.
The ogre is lightly wounded.
The ogre hits you with a +0 giant spiked club!!
Ouch! That really hurt!
You die...

...... ..... ....
# . ... .#. #..##
##... #..##..#
#.....# #@..##
##.O..#
###.....###
...........###
#......#.....####
.......####.....<#
..###..# #...####
.# #..##.....#
##........#


You could see an ogre.

Vanquished Creatures
  A scorpion (D:3)
  4 gnolls (D:2)
  3 adders
  A white imp (D:2)
  2 worms (D:3)
  2 orcs (D:3)
  5 endoplasms
  A giant cockroach (D:1)
  5 goblins
  4 hobgoblins
  5 kobolds
  A quokka (D:1)
  6 ball pythons
  5 bats
  A frilled lizard (D:2)
  5 rats
51 creatures vanquished.

Notes
Turn   | Place    | Note
-------+----------+-------------------------------------------
     0 | D:1      | tardwrangler69 the Draconian Ice Elementalist began the
                  | quest for the Orb.
     0 | D:1      | Reached XP level 1. HP: 14/14 MP: 3/3
   113 | D:1      | Found a faded altar of an unknown god.
   634 | D:1      | Reached XP level 2. HP: 9/20 MP: 3/5
  1998 | D:2      | Reached XP level 3. HP: 26/26 MP: 6/6
  2256 | D:1      | Learned a level 3 spell: Frozen Ramparts
  2260 | D:1      | Learned a level 3 spell: Ozocubu's Armour
  2266 | D:2      | Reached skill level 5 in Ice Magic
  2632 | D:2      | Reached XP level 4. HP: 33/33 MP: 5/8
  3304 | D:3      | Noticed a scorpion
  3309 | D:3      | Killed a scorpion
  3310 | D:3      | Reached XP level 5. HP: 38/38 MP: 2/9
  3427 | D:3      | Found Yguseyv's Jewellery Shoppe.
  3977 | D:4      | Noticed an ogre
  3990 | D:4      | Mangled by an ogre

Illustrated notes

Levels and vault maps discovered:
D:1:      dpeg_arrival_prison, layout_loops_ring, basic_ecumenical_altar
D:2:      layout_rooms
D:3:      layout_loops_corners, serial_shops, nicolae_shop_crystal
D:4:      layout_layer_cave, general_overflow_altar,
          lemuel_coloured_pillars_altar, lemuel_tele_altar,
          gup_sewer_entry_bowl, serial_shops, nicolae_shop_stone,
          wad_rectangle_vault, uniq_robin

Skill      XL: |  1  2  3  4 |
---------------+-------------+-----
Ice Magic      | 5 |  5.9
Spellcasting   | 3 |  3.3
Dodging        | |  1.7
Stealth        | |  1.7

Action                   |  1- 3 |  4- 6 || total
-------------------------+-------+-------++-------
Melee: Unarmed           |    23 |       ||    23
       Whip              |    35 |       ||    35
       Tailslap          |     3 |     4 ||     7
       Spear             |    12 |    82 ||    94
 Cast: Freeze            |    33 |    12 ||    45
       Frozen Ramparts   |     2 |     2 ||     4
       Ozocubu's Armour  |       |     2 ||     2
 Stab: Sleeping          |     2 |     4 ||     6
Armor: Skin              |    33 |    20 ||    53
Dodge: Dodged            |    56 |    41 ||    97

Table legend: (Time is in decaauts)
 A = Elapsed time spent in this place.
 B = Non-inter-level travel time spent in this place.
 C = Inter-level travel time spent in this place.
 D = Time resting spent in this place.
 E = Time spent auto-exploring this place.
 F = Levels seen in this place.
 G = Mean time per level.
                   A        B        C        D        E       F      G
               +--------+--------+--------+--------+--------+-----+--------+
         Total |   4009 |   3951 |     58 |    519 |   2930 |   4 | 1002.2 |
       Dungeon |   4009 |   3951 |     58 |    519 |   2930 |   4 | 1002.2 |
               +--------+--------+--------+--------+--------+-----+--------+

Top non-repeatable levels by time:
     D:1: 1723 daAuts
     D:3: 1208 daAuts
     D:2: 1054 daAuts
     D:4: 23 daAuts
